 Dungeon Crawl Stone Soup version 0.31-a0-981-geadf994542 (webtiles) character file.

Game seed: 17827756231841936462

546 BinkBink the Ducker (level 7, 0/57 HPs)
             Began as a Merfolk Monk on Nov 1, 2023.
             Was a Believer of Qazlal.
             Killed by nerve-wracking pain
             ... invoked by Menkaure
              (8 damage)
             ... on level 5 of the Dungeon.
             The game lasted 00:05:45 (4359 turns).

BinkBink the Ducker (Merfolk Monk)                  Turns: 4359, Time: 00:05:45

Health: 0/57       AC:  3    Str: 12    XL:     7   Next: 28%
Magic:  7/7        EV: 16    Int:  9    God:    Qazlal [**....]
Gold:   170        SH:  2    Dex: 18    Spells: 6/6 levels left

rFire   . . .        a - +0 falchion
rCold   . . .        d - orb {light}
rNeg    . . .        b - +0 robe
rPois   .            (no helmet)
rElec   .            (no cloak)
rCorr   .            m - +0 pair of gloves
SInv    .            (no boots)
Will    .....        (no amulet)
Stlth   +            (no ring)
HPRegen 0.29/turn    (no ring)
MPRegen 0.10/turn

%: no passive effects
@: glowing
A: (nimble swimmer 2), mertail, passive freeze, evolution 1
a: Renounce Religion, Upheaval


You were on level 5 of the Dungeon.
You worshipped Qazlal.
Qazlal was pleased with you.
You visited 1 branch of the dungeon, and saw 5 of its levels.

You collected 170 gold pieces.

Inventory:

Hand Weapons
 a - a +0 falchion (weapon)
Missiles
 l - 3 throwing nets
Armour
 b - a +0 robe (worn)
 d - an orb of light (worn)
 m - a +0 pair of gloves (worn)
Jewellery
 g - a ring of positive energy
 o - a ring of ice
 q - a ring of protection from fire
 r - a +6 ring of dexterity
 u - a ring of poison resistance
Scrolls
 c - 4 scrolls of identify
 f - 2 scrolls of fog {unknown}
 h - 5 scrolls of teleportation
 k - a scroll of amnesia {unknown}
 p - a scroll of enchant armour {unknown}
 t - a scroll of fear {unknown}
Potions
 e - 2 potions of curing
 j - a potion of lignification
 s - 2 potions of mutation


   Skills:
 + Level 5.8 Fighting
 + Level 6.3 Long Blades
 + Level 6.9 Dodging


You had 6 spell levels left.
You didn't know any spells.
Your spell library was empty.

Dungeon Overview and Level Annotations

Branches:
Dungeon (5/15)
 Temple: D:4-7

Altars:
Qazlal

Shops:
D:1 [   D:2 [!

Annotations:
D:3 2 transporters, niknal's ghost, amateur TeWr
D:5 Menkaure


Innate Abilities, Weirdness & Mutations

((You are very nimble when in or above water. (Stealth+, EV+, Speed+++)))
Your lower body shifts to a powerful aquatic tail in water.
A frigid envelope surrounds you and freezes all who hurt you.
You have hidden genetic potential.


Message History

You hit Menkaure.
Menkaure is moderately damaged.
Menkaure points at you and mumbles some strange words.
Pain shoots through your body!
You hit Menkaure.
Menkaure is moderately damaged.
The shadow imp misses you. Menkaure closely misses you.
Unknown command.
You hit Menkaure but do no damage.
Menkaure is moderately damaged.
The shadow imp laughs crazily.
The shadow imp misses you.
Menkaure casts a spell.
Menkaure seems to speed up.
You hit Menkaure.
Menkaure is moderately damaged.
The shadow imp closely misses you. Menkaure hits you!!
Menkaure resists.
Menkaure is very cold.
Menkaure is heavily damaged.
You hit Menkaure.
Menkaure is heavily damaged.
The shadow imp misses you. You block Menkaure's attack.
Unknown command.
You slash Menkaure!
Menkaure is almost destroyed.
The shadow imp barely misses you. Menkaure closely misses you.
You hit Menkaure but do no damage.
Menkaure is almost destroyed.
Menkaure hits you.
* * * LOW HITPOINT WARNING * * *
Menkaure resists.
Menkaure is very cold.
Menkaure is almost destroyed.
The shadow imp gestures at you. Pain shoots through your body!
* * * LOW HITPOINT WARNING * * *
You hit Menkaure but do no damage.
Menkaure is almost destroyed.
Menkaure gestures at you while chanting.
Pain shoots through your body!
You die...

.
#.###.......#.###
## #.# ######...<#
#.#.# ####.# #.
#.#.# #.# #.
#.#.###### #.#
##.M#.#......# #.#
. #...#.#......##
#.#
#.#...#.#.........
..#
#.......#@.....###
###
........M.5......
####.............
#.############ #


You could see Menkaure (fast) and a shadow imp.

Vanquished Creatures
  Sigmund (D:3)
  Duvessa (D:4)
  Dowan (D:4)
  A howler monkey (D:4)
  A sleepcap (D:5)
  7 gnolls
  4 adders
  3 dart slugs
  An orc (D:3)
  3 endoplasms
  A giant cockroach (D:3)
  8 goblins
  9 hobgoblins
  2 jackals (D:3)
  5 quokkas
  4 ball pythons
  2 bats (D:3)
  3 frilled lizards (D:1)
  11 kobolds
  2 rats (D:3)
70 creatures vanquished.

Notes
Turn   | Place    | Note
-------+----------+-------------------------------------------
     0 | D:1      | BinkBink the Merfolk Monk began the quest for the Orb.
     0 | D:1      | Reached XP level 1. HP: 18/18 MP: 1/1
   350 | D:1      | Reached XP level 2. HP: 19/24 MP: 2/2
   721 | D:1      | Found Isudu's Antique Armour Shop.
   767 | D:1      | HP: 1/24 [adder (2)]
   775 | D:1      | Reached XP level 3. HP: 12/30 MP: 3/3
  1256 | D:2      | Found Gilu Fycw's Distillery.
  1289 | D:2      | Found Kotehus's Armour Emporium.
  1878 | D:3      | Reached XP level 4. HP: 35/37 MP: 4/4
  2096 | D:3      | Found a transporter.
  2106 | D:3      | Noticed niknal's ghost (amateur TeWr)
  2157 | D:2      | Reached skill level 5 in Dodging
  2423 | D:3      | Noticed Sigmund
  2426 | D:3      | Found a transporter.
  2455 | D:3      | Killed Sigmund
  2456 | D:3      | Reached skill level 5 in Fighting
  2456 | D:3      | Reached skill level 5 in Long Blades
  2456 | D:3      | Reached XP level 5. HP: 31/44 MP: 5/5
  2456 | D:3      | Reached XP level 6. HP: 36/51 MP: 6/6
  3171 | D:4      | Noticed Dowan
  3171 | D:4      | Noticed Duvessa
  3218 | D:4      | Gained mutation: You are dopey. (Int -2) [potion of
                  | mutation]
  3218 | D:4      | Gained mutation: You have hidden genetic potential. [potion
                  | of mutation]
  3218 | D:4      | Gained mutation: A frigid envelope surrounds you and
                  | freezes all who hurt you. [potion of mutation]
  3222 | D:4      | Killed Duvessa
  3232 | D:4      | HP: 3/76 [Dowan/shard of ice (14)]
  3235 | D:4      | Killed Dowan
  3284 | D:4      | Reached XP level 7. HP: 10/56 MP: 7/7
  3572 | D:4      | Found a stormy altar of Qazlal.
  3595 | D:4      | Became a worshipper of Qazlal Stormbringer
  3595 | D:4      | Reached * piety under Qazlal
  3595 | D:4      | Reached ** piety under Qazlal
  3749 | D:4      | Lost mutation: You are dopey. (Int -2) [hidden potential]
  4281 | D:5      | Entered Level 5 of the Dungeon
  4344 | D:5      | Noticed Menkaure
  4359 | D:5      | Killed from afar by Menkaure

Illustrated notes

Levels and vault maps discovered:
D:1:      lightli_arrival_isolated_outpost, layout_basic, serial_shops, shop
D:2:      layout_basic, serial_shops, nicolae_shop_hallway_plus,
          nicolae_diamond_shop, grunt_ministairs_1, minmay_misc_feat_diagonals,
          solitary_fountain
D:3:      layout_basic, gammafunk_ghost_stat_death, uniq_sigmund
D:4:      layout_layer_cave, mainiacjoe_overflow_surrounded_room, uniq_duvessa
D:5:      layout_basic, minmay_temple_entry_trees, serial_co_window_serial,
          co_window_paths_b, co_window_corner_a, co_window_paths_a,
          co_window_of_opportunity_a, co_window_cross_1, co_window_corner_b,
          co_window_2corner, co_window_2corner, co_window_of_opportunity_c,
          co_window_of_opportunity_b, co_window_broadway_a, co_window_4corner_b,
          nrook_pool_corridor, uniq_grinder, uniq_menkaure, uniq_blork_the_orc,
          uniq_eustachio

Skill      XL: |  1  2  3  4  5  6 |
---------------+-------------------+-----
Long Blades    | 4 5 6 |  6.3
Fighting       | 4 5 |  5.8
Dodging        | 5 6 |  6.9

Action                     |  1- 3 |  4- 6 |  7- 9 || total
---------------------------+-------+-------+-------++-------
  Melee: Falchion          |    72 |   109 |    46 ||   227
    Use: Potion            |     2 |     7 |       ||     9
         Scroll            |       |     1 |       ||     1
 Armour: Robe              |    38 |    65 |    18 ||   121
         Skin              |       |    13 |       ||    13
  Dodge: Dodged            |    41 |   109 |    39 ||   189
  Block: Orb               |       |       |     5 ||     5

Table legend: (Time is in decaauts)
 A = Elapsed time spent in this place.
 B = Non-inter-level travel time spent in this place.
 C = Inter-level travel time spent in this place.
 D = Time resting spent in this place.
 E = Time spent auto-exploring this place.
 F = Levels seen in this place.
 G = Mean time per level.
                   A        B        C        D        E       F      G
               +--------+--------+--------+--------+--------+-----+--------+
         Total |   4338 |   4125 |    213 |    628 |   2861 |   5 |  867.6 |
       Dungeon |   4338 |   4125 |    213 |    628 |   2861 |   5 |  867.6 |
               +--------+--------+--------+--------+--------+-----+--------+

Top non-repeatable levels by time:
     D:4: 1456 daAuts
     D:1: 1030 daAuts
     D:2: 905 daAuts
     D:3: 867 daAuts
     D:5: 77 daAuts
